 Dungeon Crawl Stone Soup version 0.18-a0-949-g5bbc315 (webtiles) character file.

7935 Arkorax the Cleaver (level 11, 0/109 HPs)
             Began as a Deep Dwarf Wanderer on Dec 30, 2015.
             Was a High Priest of Makhleb.
             Slain by a three-headed hydra (1 damage)
             ... on level 10 of the Dungeon.
             The game lasted 00:15:36 (7594 turns).

Arkorax the Cleaver (Deep Dwarf Wanderer)           Turns: 7594, Time: 00:15:37

Health: 0/109      AC: 16    Str: 18    XL:     11   Next: 3%
Magic:  13/13      EV:  5    Int: 13    God:    Makhleb [*****.]
Gold:   462        SH:  0    Dex: 15    Spells: 0 memorised, 10 levels left

rFire  . . .     SeeInvis .     E - +2 quarterstaff (chaos)
rCold  + . .     Gourm    .     S - +1 plate armour {rC+}
rNeg   . . .     Faith    .     (shield currently unavailable)
rPois  .         Spirit   .     w - +0 helmet
rElec  .         Dismiss  .     F - +0 cloak
rCorr  .         Reflect  .     D - +1 pair of gloves
SustAt .         Harm     .     (no boots)
MR     +....                    (no amulet)
Stlth  ..........               X - ring of stealth
                                C - +2 ring of intelligence

@: non-regenerating, somewhat resistant to hostile enchantments, extremely
unstealthy
A: damage resistance, recharge devices, sense surroundings 2, slow regeneration
3
a: Device Recharging, Minor Destruction, Lesser Servant of Makhleb, Major
Destruction, Greater Servant of Makhleb, Renounce Religion


You were on level 10 of the Dungeon.
You worshipped Makhleb.
Makhleb was extremely pleased with you.
You were not hungry.

You visited 1 branch of the dungeon, and saw 10 of its levels.

You collected 579 gold pieces.
You spent 117 gold pieces at shops.

Inventory:

Hand Weapons
 a - a +2 quarterstaff
 p - the +9 long sword of Xesmoet {slice, rF- rC+ Str+7}
   (You found it on level 5 of the Dungeon)

   It inflicts extra damage upon your enemies.
   It affects your strength (+7).
   It makes you vulnerable to fire.
   It protects you from cold.
 v - a +2 war axe of chopping
 A - a +0 great sword of slicing
 E - a +2 quarterstaff of chaos (weapon)
Missiles
 m - 3 javelins (quivered)
Armour
 w - a +0 helmet (worn)
 D - a +1 pair of gloves (worn)
 F - a +0 cloak (worn)
 H - a +0 pair of boots
 S - a +1 plate armour of cold resistance (worn)
Jewellery
 n - an uncursed ring of ice
 C - a +2 ring of intelligence (left hand)
 M - an uncursed ring of poison resistance
 X - a ring of stealth (right hand)
Wands
 f - a wand of heal wounds (1/9)
 j - a wand of frost (2/48)
 o - a wand of frost (13/48)
 I - a wand of flame (22/48)
 Q - a wand of flame (26/48)
 T - a wand of slowing (19/48)
 V - a wand of disintegration (14/24)
Scrolls
 c - a scroll of random uselessness {unknown}
 e - a scroll of enchant weapon {unknown}
 i - 2 scrolls of recharging {unknown}
 l - 3 scrolls of fear {unknown}
 q - 2 scrolls of remove curse {unknown}
 t - 5 scrolls of identify {unknown}
 B - 3 scrolls of magic mapping {unknown}
 L - a scroll of enchant armour {unknown}
 O - a scroll of amnesia {unknown}
 R - a scroll of immolation {unknown}
 U - 2 scrolls of blinking {unknown}
 Y - a scroll of teleportation {unknown}
Potions
 b - 5 potions of curing
 h - 3 potions of agility
 k - a potion of might
 s - a potion of mutation {unknown}
 x - a potion of cure mutation {unknown}
 z - a potion of haste {unknown}
 J - a potion of flight {unknown}
 K - a potion of heal wounds {unknown}
Books
 y - a book of Enchantments

   Spells                             Type                      Level
   a - Cause Fear                     Hexes                        4
   b - Yara's Violent Unravelling     Hexes/Transmutation          5
   c - Silence                        Hexes/Air                    5
   d - Deflect Missiles               Charms/Air                   6
   e - Haste                          Charms                       6
   f - Discord                        Hexes                        8
 N - a book of Ice

   Spells                             Type                      Level
   a - Ice Form                       Ice/Transmutation            4
   b - Metabolic Englaciation         Hexes/Ice                    5
   c - Ozocubu's Refrigeration        Ice                          6
   d - Bolt of Cold                   Conjuration/Ice              6
   e - Freezing Cloud                 Conjuration/Ice/Air          6
   f - Simulacrum                     Ice/Necromancy               6
 P - a book of Flames

   Spells                             Type                      Level
   a - Flame Tongue                   Conjuration/Fire             1
   b - Throw Flame                    Conjuration/Fire             2
   c - Conjure Flame                  Conjuration/Fire             3
   d - Inner Flame                    Hexes/Fire                   3
   e - Sticky Flame                   Conjuration/Fire             4
   f - Fireball                       Conjuration/Fire             5
Comestibles
 d - 3 bread rations
 g - 9 slices of pizza
 r - 2 meat rations
 u - 18 fruits
 G - 3 royal jellies
 W - 3 chunks of flesh


   Skills:
 + Level 10.2 Fighting
 + Level 13.4 Axes
 - Level 1.0 Staves
 - Level 2.3 Armour
 - Level 1.2 Stealth
 * Level 5.8 Invocations
 - Level 1.3 Evocations


You had 10 spell levels left.
You didn't know any spells.

Dungeon Overview and Level Annotations

Branches:
Dungeon (10/15)            Temple (0/1) D:6             Orc (0/2) D:9
   Lair: D:8-11

Altars:
Ashenzari
Elyvilon
Gozag
Kikubaaqudgha
Makhleb
Okawaru
Pakellas
Qazlal
Sif Muna
Trog
Xom
The Shining One

Shops:
D:4 (*:[


Innate Abilities, Weirdness & Mutations

You are resistant to damage.
You can recharge devices by infusing magical energy.
You passively map the area around you.
You do not regenerate naturally.


Message History

Something bites you.
* * * LOW HITPOINT WARNING * * *
Something bites you but does no damage. x2
Something bites you!
* * * LOW HITPOINT WARNING * * *
Something bites you!
* * * LOW HITPOINT WARNING * * *
You are too injured to fight recklessly!
You are too injured to fight recklessly!
You are too injured to fight recklessly!
Unknown command.
You are too injured to fight recklessly!
You closely miss something. Something bites you but does no damage.
Something bites you but does no damage. Something bites you.
Something bites you!
* * * LOW HITPOINT WARNING * * *
Something bites you!
* * * LOW HITPOINT WARNING * * *
Something bites you.
You die...

####...####
.......####
##........########
..............)..#
################(#
.# #.# .# #.# .##
#.# ..#
##########@# #.#
#..#.....#{# ###
#..'....≈#)#
#..'.P...#.# ##
#..'....≈..# .#
#(.#....)###
.######'##P≈P.≈#
......#%.#≈≈≈≈P#
.<....#.)+.P≈PP#


There were no monsters in sight!

Vanquished Creatures
  An unseen horror (D:8)
  2 hill giants
  The ghost of P0WERM0DE the Martial Artist, a novice OpCK of Xom (D:6)
  The ghost of Herrn the Changer, a novice OpTm (D:5)
  2 trolls
  A two-headed ogre (D:10)
  Sigmund (D:6)
  8 yaks
  A hippogriff (D:10)
  5 orc warriors
  A phantom (D:4)
  4 sky beasts
  An ice beast (D:5)
  3 ogres
  A centaur (D:8)
  3 big kobolds (D:10)
  A giant frog (D:9)
  2 scorpions (D:7)
  17 killer bees
  A crimson imp (D:2)
  9 orc wizards
  2 iguanas
  Crazy Yiuf (D:5)
  6 hounds
  4 jellies
  4 orc priests
  5 worker ants
  A centaur skeleton (D:10)
  Ijyb (D:2)
  4 giant frog skeletons
  2 sheep (D:10)
  A hound zombie (D:8)
  A worker ant zombie (D:8)
  Robin (D:3)
  13 adders
  6 shadow imps
  An ooze (D:2)
  An adder skeleton (D:6)
  An adder zombie (D:8)
  6 worms
  6 giant geckos
  31 orcs
  A ball python (D:8)
  9 hobgoblins
  8 kobolds
  4 quokkas
  10 bats
  5 giant cockroaches
  A giant gecko skeleton (D:6)
  7 giant newts
  13 goblins
  15 jackals
  A quokka skeleton (D:5)
  11 rats
  2 fungi (D:5)
251 creatures vanquished.

Vanquished Creatures (others)
  An ugly thing (D:6)
  A quokka (D:9)
2 creatures vanquished.

Grand Total: 253 creatures vanquished

Notes
Turn   | Place    | Note
--------------------------------------------------------------
     0 | D:1      | Arkorax the Deep Dwarf Wanderer began the quest for the Orb.
     0 | D:1      | Arkorax set off with: a +2 quarterstaff, a potion of curing, a +0 ring mail, a wand of heal wounds (5/9), a bread ration
     0 | D:1      | Reached XP level 1. HP: 21/21 MP: 2/2
    83 | D:1      | Reached skill level 4 in Fighting
   112 | D:1      | Reached XP level 2. HP: 28/30 MP: 3/3
   720 | D:2      | Reached XP level 3. HP: 22/37 MP: 4/4
   927 | D:2      | Noticed Ijyb
   948 | D:2      | Killed Ijyb
   948 | D:2      | Reached skill level 5 in Fighting
   962 | D:2      | Reached XP level 4. HP: 31/46 MP: 5/5
  1104 | D:2      | Found a burning altar of Makhleb.
  1110 | D:2      | Became a worshipper of Makhleb the Destroyer
  1201 | D:2      | You fall through a shaft!
  1331 | D:2      | Found an ancient bone altar of Kikubaaqudgha.
  1332 | D:2      | Found a shimmering altar of Xom.
  1407 | D:3      | Found an iron altar of Okawaru.
  1472 | D:3      | Reached XP level 5. HP: 28/55 MP: 6/6
  1685 | D:3      | Reached * piety under Makhleb
  1715 | D:3      | Noticed Robin
  1744 | D:3      | Killed Robin
  1893 | D:3      | Reached ** piety under Makhleb
  2424 | D:4      | Found Vaevuk's Weapon Shoppe.
  2446 | D:4      | Bought a +0 great sword of slicing for 117 gold pieces
  2500 | D:4      | Noticed a phantom
  2520 | D:4      | Killed a phantom
  2520 | D:4      | Reached skill level 6 in Fighting
  2520 | D:4      | Reached XP level 6. HP: 38/62 MP: 7/7
  2593 | D:4      | Found Lynliula's Antique Armour Emporium.
  2802 | D:4      | Found Utyust's Book Shop.
  2855 | D:4      | Found Wodadal's General Store.
  2866 | D:4      | Noticed a moth of wrath
  2869 | D:4      | Found a bloodstained altar of Trog.
  3497 | D:5      | Entered Level 5 of the Dungeon
  3497 | D:5      | Noticed Herrn's ghost (novice OpTm)
  3615 | D:5      | Killed Herrn's ghost
  3615 | D:5      | Reached skill level 5 in Axes
  3615 | D:5      | Reached XP level 7. HP: 60/70 MP: 7/7
  3814 | D:5      | Reached skill level 7 in Fighting
  4086 | D:5      | Got a brightly glowing long sword
  4087 | D:5      | Identified the +9 long sword of Xesmoet {slice, rF- rC+ Str+7} (You found it on level 5 of the Dungeon)
  4096 | D:5      | Found a shattered altar of Ashenzari.
  4468 | D:5      | Noticed Crazy Yiuf
  4480 | D:5      | Killed Crazy Yiuf
  4480 | D:5      | Reached XP level 8. HP: 57/80 MP: 8/8
  4623 | D:6      | Found an oddly glowing altar of Pakellas.
  4623 | D:6      | Noticed a brown ugly thing
  4662 | D:6      | Killed a white ugly thing
  4679 | D:6      | Found an opulent altar of Gozag.
  4750 | D:6      | Noticed P0WERM0DE's ghost (novice OpCK)
  4772 | D:6      | Killed P0WERM0DE's ghost
  4772 | D:6      | Reached skill level 8 in Axes
  4818 | D:6      | Noticed Sigmund
  4824 | D:6      | Reached *** piety under Makhleb
  4829 | D:6      | Killed Sigmund
  4980 | D:6      | Found a staircase to the Ecumenical Temple.
  5247 | D:7      | Reached skill level 9 in Axes
  5333 | D:7      | Found a stormy altar of Qazlal.
  5368 | D:7      | Gained mutation: You passively map the area around you. [Deep Dwarf growth]
  5368 | D:7      | Reached XP level 9. HP: 60/88 MP: 9/9
  5376 | D:7      | Found an iron altar of Okawaru.
  5385 | D:7      | Found a deep blue altar of Sif Muna.
  5399 | D:7      | Found a glowing golden altar of the Shining One.
  5539 | D:7      | Reached skill level 10 in Axes
  5692 | D:7      | Reached skill level 11 in Axes
  5838 | D:8      | Reached **** piety under Makhleb
  5888 | D:8      | Killed an unseen horror
  5893 | D:8      | Reached XP level 10. HP: 84/99 MP: 9/9
  5905 | D:8      | Reached skill level 12 in Axes
  6261 | D:9      | Found a white marble altar of Elyvilon.
  6505 | D:9      | Noticed a hill giant
  6513 | D:9      | Killed a hill giant
  6847 | D:9      | Reached skill level 13 in Axes
  6863 | D:9      | Reached ***** piety under Makhleb
  6868 | D:9      | Found a staircase to the Orcish Mines.
  7178 | D:10     | Entered Level 10 of the Dungeon
  7188 | D:10     | Reached skill level 1 in Invocations
  7199 | D:10     | Reached skill level 10 in Fighting
  7315 | D:10     | Noticed a hill giant
  7325 | D:10     | Killed a hill giant
  7374 | D:10     | Reached skill level 5 in Invocations
  7531 | D:10     | Reached XP level 11. HP: 85/109 MP: 13/13
  7561 | D:10     | Noticed a three-headed hydra
  7594 | D:10     | HP: 1/109 [something (9)]
  7594 | D:10     | Slain by a three-headed hydra

Vault maps used:
D:1:      saegor_arrival_simple_d, amethyst_killhole
D:2:      makhleb_grotto_becter, minitemple, minmay_liquid_box,
          roderic_ancient_swastika, uniq_iyjb
D:3:      first_bread, okawaru_trees_2, uniq_robin
D:4:      tgw_trog, serial_shops, shop, kennysheep_mini, kennysheep_little_box,
          shop, minmay_item_behind_shaft, hangedman_abyss_or_decor_stabs,
          kennysheep_cluttered_room
D:5:      lemuel_coloured_pillars_altar, uniq_crazy_yiuf_cottage
D:6:      lemuel_crystal_altar, minmay_temple_entry_hall,
          gammafunk_pakellas_cloud_experiment, uniq_sigmund
D:7:      grunt_temple_overflow_cloverleaf
D:9:      elyvilon_altar_4, david_orc_4
D:10:     hangedman_ranch

Action                   |  1- 3 |  4- 6 |  7- 9 | 10-12 || total
-------------------------+-------+-------+-------+-------++-------
Melee: Quarterstaff      |   113 |   153 |       |    18 ||   284
       War axe           |       |    62 |   251 |   308 ||   621
 Abil: Device Recharging |       |     1 |     1 |       ||     2
Evoke: Wand              |     2 |     8 |     4 |     1 ||    15
  Use: Potion            |       |       |     3 |       ||     3
 Stab: Sleeping          |     1 |       |       |       ||     1
  Eat: Bread ration      |       |     1 |     1 |     1 ||     3
       Chunk             |       |     1 |     1 |     2 ||     4
       Fruit             |       |     3 |       |       ||     3
       Beef jerky        |       |     2 |       |       ||     2
